 Dungeon Crawl Stone Soup version 0.28.0 (webtiles) character file.

Game seed: 10969871267585474140

153 horus123 the Skirmisher (level 5, -1/36 (44) HPs)
             Began as a Barachi Fighter on Feb 16, 2022.
             Slain by a wight (6 damage)
             ... on level 4 of the Dungeon.
             The game lasted 00:03:25 (2576 turns).

horus123 the Skirmisher (Barachi Fighter)           Turns: 2576, Time: 00:03:26

HP:   -1/36 (44)    AC:  7    Str: 19    XL:     5   Next: 35%
MP:   5/5           EV:  9    Int:  9    God:
Gold: 123           SH:  4    Dex: 11    Spells: 4/4 levels left

rFire   . . .      SeeInvis .   a - +0 long sword
rCold   . . .      Faith    .   c - +0 buckler
rNeg    . . .      Spirit   .   b - +0 scale mail
rPois   .          Reflect  .   (no helmet)
rElec   .          Harm     .   (no cloak)
rCorr   .          Rampage  .   (no gloves)
Will    .....                   (no boots)
Stlth   ..........              (no amulet)
HPRegen 0.12/turn               (no ring)
MPRegen 0.09/turn               (no ring)

@: heavily drained, slow
A: amphibious, slowness 1, strong legs 1, +LOS
a: Hop


You were on level 4 of the Dungeon.
You visited 1 branch of the dungeon, and saw 4 of its levels.

You collected 123 gold pieces.

Inventory:

Hand Weapons
 a - a +0 long sword (weapon)
Missiles
 h - 6 javelins (quivered)
Armour
 b - a +0 scale mail (worn)
 c - a +0 buckler (worn)
Wands
 l - a wand of iceblast (15)
Scrolls
 i - a scroll of teleportation {unknown}
Potions
 d - a potion of lignification {unknown}
 e - a potion of degeneration
 g - a potion of flight {unknown}
 j - a potion of haste {unknown}
 k - a potion of cancellation {unknown}


   Skills:
 - Level 5.0 Fighting
 - Level 4.0 Long Blades
 + Level 2.7 Throwing
 - Level 3.7 Armour
 - Level 3.3 Shields


You had 4 spell levels left.
You didn't know any spells.
Your spell library contained the following spells:

 Spells                   Type           Power      Damage    Failure   Level
 Sandblast                Erth           0%         2d4       83%         1
 Shock                    Conj/Air       0%         1d3       83%         1
 Ensorcelled Hibernation  Hex/Ice        0%         N/A       93%         2
 Passwall                 Tmut/Erth      0%         N/A       93%         2
 Spider Form              Tmut/Pois      0%         N/A       99%         3
 Stone Arrow              Conj/Erth      0%         3d7       99%         3
 Swiftness                Air            0%         N/A       99%         3
 Airstrike                Air            0%         N/A       100%        4
 Anguish                  Hex/Necr       0%         N/A       100%        4


Dungeon Overview and Level Annotations

Branches:
Dungeon (4/15)
 Temple: D:4-7

Altars:
Zin


Innate Abilities, Weirdness & Mutations

You are amphibious.
You cover ground slowly.
You can hop short distances.
You have an extended range of vision and can be seen from far away.


Message History

No target in view!
No target in view!
No target in view!
No target in view!
No target in view!
No target in view!
No target in view!
No target in view!
HP restored.
A wight comes into view. It is wielding a +3 spear.
A wight comes into view. It is wielding a +5 flail.
A wight comes into view. It is wielding a +0 halberd.
The wight hits you from afar with a +3 spear.
The wight hits you with a +3 spear.
You feel drained.
You hit the wight but do no damage. The wight hits you but does no damage.
You completely miss the wight. The wight hits you with a +3 spear.
You feel drained.
You slash the wight!
The wight is heavily damaged.
The wight hits you with a +3 spear.
You feel drained.
You closely miss the wight.
The wight is heavily damaged.
The wight hits you with a +3 spear. x2
* * * LOW HITPOINT WARNING * * *
You feel drained.
* * * LOW HITPOINT WARNING * * *
You feel better. The wight hits you with a +3 spear!
* * * LOW HITPOINT WARNING * * *
You feel drained.
* * * LOW HITPOINT WARNING * * *
You hit the wight.
The wight is heavily damaged.
The wight hits you with a +3 spear.
* * * LOW HITPOINT WARNING * * *
You feel drained.
* * * LOW HITPOINT WARNING * * *
You barely miss the wight.
The wight is heavily damaged.
The wight hits you with a +3 spear.
You die...

##..###........
#.....#........
#..............
#............#.
###......<.......
####...............#
#...........####....
###################......##
....#.......#...@zzz......#
###.#.#####.#.#####...........
..#.#.#...#.#.#...#........#..
#.#.#...#.#.#...#.#........#
..
#.#.#####.#.#####.#..####..# #
..#.......#.......#.## ..#
###################.## ....
#....>.... ... ######......#..


You could see 3 wights.

Vanquished Creatures
  A scorpion (D:3)
  A hound skeleton (D:4)
  An adder (D:2)
  2 worms (D:2)
  5 dart slugs
  An orc (D:3)
  7 ball pythons
  4 bats
  6 endoplasms
  2 giant cockroaches
  5 goblins
  8 hobgoblins
  7 kobolds
  A quokka (D:1)
  A frilled lizard (D:2)
  5 rats
57 creatures vanquished.

Vanquished Creatures (others)
  2 plants (D:3)
2 creatures vanquished.

Grand Total: 59 creatures vanquished

Notes
Turn   | Place    | Note
-------+----------+-------------------------------------------
     0 | D:1      | horus123 the Barachi Fighter began the quest for the Orb.
     0 | D:1      | Reached XP level 1. HP: 18/18 MP: 1/1
   243 | D:1      | Reached skill level 4 in Fighting
   278 | D:1      | Reached XP level 2. HP: 25/25 MP: 2/2
   545 | D:1      | Found a faded altar of an unknown god.
   606 | D:1      | Reached XP level 3. HP: 29/32 MP: 3/3
   902 | D:2      | Reached skill level 5 in Fighting
  1325 | D:2      | Reached XP level 4. HP: 34/39 MP: 4/4
  1699 | D:3      | Found a glowing silver altar of Zin.
  1798 | D:3      | Noticed a scorpion
  1809 | D:3      | Killed a scorpion
  1810 | D:3      | Reached XP level 5. HP: 38/44 MP: 5/5
  2576 | D:4      | Slain by a wight

Illustrated notes

Levels and vault maps discovered:
D:1:      dpeg_arrival_rooms_c, layout_loops_ring,
          shapermc_ecumenical_altar_petra
D:2:      layout_loops_ring, skrybe_limestone_x
D:3:      layout_rooms, mainiacjoe_overflow_cross_hatched, kennysheep_path_1
D:4:      layout_cave_pools, nemelex_diamond_rough_becter, kennysheep_mini,
          patterned_corridor

Skill      XL: |  1  2  3  4 |
---------------+-------------+-----
Fighting       | 4 5 |  5.0
Long Blades    | 3 4 |  4.0
Throwing       | 2 |  2.7
Armour         | |  3.7
Shields        | |  3.3

Action                   |  1- 3 |  4- 6 || total
-------------------------+-------+-------++-------
Melee: Long sword        |   107 |    60 ||   167
 Abil: Hop               |     1 |       ||     1
  Use: Scroll            |     1 |     2 ||     3
       Potion            |       |     2 ||     2
Armor: Scale mail        |    50 |    23 ||    73
Dodge: Dodged            |    51 |    23 ||    74
Block: Buckler           |    29 |    14 ||    43
